 Dungeon Crawl Stone Soup version 0.23-a0-49-gd9f7a49 (webtiles) character file.

31 Amnesiac the Gusty (level 3, -1/24 HPs)
             Began as a Mummy Air Elementalist on Aug 7, 2018.
             Slain by an adder (4 damage)
             ... on level 4 of the Dungeon.
             The game lasted 00:01:52 (524 turns).

Amnesiac the Gusty (Mummy Air Elementalist)          Turns: 524, Time: 00:01:53

Health: -1/24      AC:  2    Str: 11    XL:     3   Next: 7%
Magic:  0/7        EV: 12    Int: 15    God:
Gold:   8          SH:  0    Dex: 12    Spells: 5/8 levels left

rFire    x . .     SeeInvis .   a - +2 dagger (drain)
rCold    + . .     Gourm    .   (no shield)
rNeg     + + +     Faith    .   d - +0 robe
rPois    ∞         Spirit   .   (no helmet)
rElec    .         Reflect  .   (no cloak)
rCorr    .         Harm     .   (no gloves)
MR       .....                  (no boots)
Stlth    ++........             (no amulet)
HPRegen  0.08/turn              (no ring)
MPRegen  0.10/turn              (no ring)

@: very slightly contaminated
A: no food or potions, fire vulnerability, cold resistance 1, negative energy
resistance 3, torment resistance, unbreathing
a: no special abilities


You were on level 4 of the Dungeon.
You were not hungry.

You visited 1 branch of the dungeon, and saw 4 of its levels.

You collected 8 gold pieces.

Inventory:

Hand Weapons
 a - a +2 dagger of draining (weapon)
Armour
 d - a +0 robe (worn)
Scrolls
 b - 3 scrolls of identify {!r}
 c - a scroll of amnesia {!r}


   Skills:
 - Level 1.5 Dodging
 - Level 1.5 Stealth
 + Level 3.2 Spellcasting
 - Level 0.7 Conjurations
 * Level 3.2 Air Magic


You had 5 spell levels left.
You knew the following spells:

 Your Spells              Type           Power        Failure   Level  Hunger
a - Shock                 Conj/Air       #...         9%          1    N/A
z - Swiftness             Chrm/Air       #.......     16%         2    N/A

Your spell library contained the following spells:

 Spells                   Type           Power        Failure   Level  Hunger
 Lightning Bolt           Conj/Air       #.........   94%         5    N/A
 Airstrike                Air            ##........   45%         4    N/A
 Static Discharge         Conj/Air       #.......     26%         3    N/A

Dungeon Overview and Level Annotations

Branches:
Dungeon (4/15)
 Temple: D:4-7

Altars:

Shops:
D:4 (


Innate Abilities, Weirdness & Mutations

You do not eat or drink.
Your flesh is vulnerable to fire.
You are immune to poison.
Your flesh is cold resistant. (rC+)
You are immune to negative energy. (rN+++)
You are immune to unholy pain and torment.
You can survive without breathing.


Message History

Unknown command.
Casting: Shock (safe; 9% risk of failure)
Confirm with . or Enter, or press ? or * to list all spells.
Aiming: Shock (safe; 9% risk of failure)
Press: ? - help, Shift-Dir - straight line The zap hits the orc.
The orc is severely wounded.
The zap hits the orc.
You kill the orc!
Casting: Shock (safe; 9% risk of failure)
Confirm with . or Enter, or press ? or * to list all spells.
Aiming: Shock (safe; 9% risk of failure)
Press: ? - help, Shift-Dir - straight line The zap hits the adder.
The adder is lightly wounded.
The zap hits the adder.
The adder is heavily wounded.
The adder closely misses you. The adder bites you but does no damage.
You miss the adder.
The adder is heavily wounded.
The adder bites you.
You hit the adder.
The adder is heavily wounded.
The adder closely misses you.
You barely miss the adder.
The adder is heavily wounded.
The adder bites you. The adder barely misses you.
You closely miss the adder.
The adder is heavily wounded.
The adder bites you.
You miss the adder.
The adder is heavily wounded.
The adder closely misses you.
You miss the adder.
The adder is heavily wounded.
The adder bites you but does no damage.
Casting: Shock (safe; 9% risk of failure)
Confirm with . or Enter, or press ? or * to list all spells.
Aiming: Shock (safe; 9% risk of failure)
Press: ? - help, Shift-Dir - straight line You miscast Shock.
Nothing appears to happen.
The adder bites you.
* * * LOW HITPOINT WARNING * * *
The adder closely misses you.
Unknown command.
You barely miss the adder.
The adder is heavily wounded.
The adder bites you.
* * * LOW HITPOINT WARNING * * *
You hit the adder.
The adder is almost dead.
The adder barely misses you.
You closely miss the adder.
The adder is almost dead.
The adder bites you.
* * * LOW HITPOINT WARNING * * *
The adder bites you but does no damage.
You hit the adder.
The adder is almost dead.
The adder bites you.
* * * LOW HITPOINT WARNING * * *
You barely miss the adder.
The adder is almost dead.
The adder bites you.
You die...

####...##...#
#...........#
#...........#
#...........#
#...........#
#...........#
#..##..##+###
###..#####
#....@#
#.....So.....
#.....#......
##....#......
###+## #∩..#
####


You could see an adder and an orc.

Vanquished Creatures
  An adder (D:4)
  A leopard gecko (D:3)
  2 orcs
  A goblin (D:3)
  A hobgoblin (D:2)
  4 jackals (D:3)
  A kobold (D:3)
  A quokka (D:3)
  A ball python (D:2)
  A bat (D:3)
  2 frilled lizards (D:3)
  3 rats
19 creatures vanquished.

Notes
Turn   | Place    | Note
-------+----------+-------------------------------------------
     0 | D:1      | Amnesiac the Mummy Air Elementalist began the quest for the Orb.
     0 | D:1      | Reached XP level 1. HP: 13/13 MP: 4/4
   180 | D:3      | Reached XP level 2. HP: 17/19 MP: 0/5
   184 | D:3      | Learned a level 2 spell: Swiftness
   493 | D:4      | Reached XP level 3. HP: 23/24 MP: 2/7
   506 | D:4      | Found Fuageuvi's Weapon Shoppe.
   524 | D:4      | Slain by an adder

Vault maps used:
D:1:      tarquinn_simple_flora_water_c
D:2:      cheibrodos_old_hovel, lemuel_statue_altar
D:3:      gammafunk_temple_overflow_forgotten, nicolae_ru_the_path_less_chosen,
          gammafunk_ghost_smash, uniq_terence
D:4:      grunt_temple_overflow_open, first_ration, serial_shops, shop,
          nicolae_ossuary_entry_giza, minmay_hedge_maze

Skill      XL: |  1  2 |
---------------+-------+-----
Air Magic      | 3 |  3.2
Spellcasting   | 3 |  3.2
Dodging        | |  1.5
Stealth        | |  1.5
Conjurations   | |  0.7

Action                   || total
-------------------------++-------
Melee: Unarmed           ||     5
       Dagger            ||    13
 Cast: Shock             ||    32
  Use: Scroll            ||     3
Armor: Robe              ||     7
Dodge: Dodged            ||    26

Table legend:
 A = Spawn XP
 B = Non-spawn XP
 C = Spawn XP percentage of total XP
 D = Spawn monster count
 E = Non-spawn monster count
 F = Spawn count percentage of total count
 G = Total turns spent on level
                    A         B        C        D         E        F      G
               +---------+---------+-------+---------+---------+-------+---------
         Total |       0 |      45 |   0.0 |       0 |      19 |   0.0 |   524
               +---------+---------+-------+---------+---------+-------+---------
           D:2 |       0 |       5 |   0.0 |       0 |       4 |   0.0 |   124
           D:3 |       0 |      24 |   0.0 |       0 |      13 |   0.0 |   338
           D:4 |       0 |      16 |   0.0 |       0 |       2 |   0.0 |    49
               +---------+---------+-------+---------+---------+-------+---------
